 Dungeon Sprint DCSS version 0.31.0-12-g77e489cdc1 (webtiles) character file.

Game seed: 1880394564025217260

1295 Silvore the Fighter (level 8, -10/82 HPs)
             Began as a Minotaur Fighter on Feb 21, 2024.
             Was a Believer of Okawaru.
             Mangled by a demonic crawler (11 damage)
             ... in the Dungeon (Sprint I: "Red Sonja").
             The game lasted 00:01:03 (650 turns).

Silvore the Fighter (Minotaur Fighter)               Turns: 650, Time: 00:01:04

Health: -10/82     AC:  9    Str: 22    XL:     8   Next: 30%
Magic:  7/7        EV: 11    Int:  5    God:    Okawaru [**....]
Gold:   417        SH:  6    Dex: 11    Spells: 7/7 levels left

rFire   . . .        a - +0 war axe
rCold   . . .        c - +0 buckler
rNeg    . . .        b - +0 scale mail
rPois   .            (helmet restricted)
rElec   .            (no cloak)
rCorr   .            (no gloves)
SInv    .            (no boots)
Will    .....        (no amulet) Stlth
                     (no ring)
HPRegen 0.33/turn    (no ring)
MPRegen 0.10/turn

%: no teleportation
@: no status effects
A: horns 2, retaliatory headbutt
a: Renounce Religion, Heroism


You were in the Dungeon.
You worshipped Okawaru.
Okawaru was pleased with you.
You visited 1 branch You collected 417 gold pieces.

Inventory:

Hand Weapons
 a - a +0 war axe (weapon)
Armour
 b - a +0 scale mail (worn)
 c - a +0 buckler (worn)
Wands
 d - a wand of polymorph (7)
Scrolls
 j - a scroll of blinking
Potions
 e - a potion of curing
 g - a potion of haste
 h - 2 potions of magic
 i - a potion of berserk rage


   Skills:
 + Level 11.5 Fighting
 + Level 11.5 Axes
 + Level 11.2 Armour
 + Level 3.6 Dodging
 + Level 10.6 Shields
 + Level 2.9 Unarmed Combat
 + Level 0.2 Invocations


You had 7 spell levels left.
You didn't know any spells.
Your spell library was empty.

Dungeon Overview and Level Annotations

Branches:
Dungeon (1/1)

Altars:
Cheibriados
Dithmenos
Elyvilon
Fedhas
Gozag
Hepliaklqana
Kikubaaqudgha
Makhleb
Nemelex Xobeh
Okawaru
Qazlal
Ru
Sif Muna
Trog
Uskayaw
Vehumet
Wu Jian
Xom
Yredelemnul
Zin
The Shining One
Jiyva
Lugonu

Shops:
D *


Innate Abilities, Weirdness & Mutations

You have a pair of horns on your head.
You reflexively headbutt those who attack you in melee.


Message History

You feel less fragile.
You start resting.
HP restored.
You open the door. 4 demonic crawlers come into view.
The demonic crawler gives a hideous shriek! x3
The demonic crawler completely misses you.
You furiously retaliate!
You headbutt the demonic crawler! You block the demonic crawler's attack.
The demonic crawler hits you!
You barely miss the demonic crawler. You headbutt the demonic crawler.
The demonic crawler is moderately wounded.
You block the demonic crawler's attack. The demonic crawler hits you.
The demonic crawler hits you!
You barely miss the demonic crawler. You headbutt the demonic crawler!
The demonic crawler is moderately wounded.
The demonic crawler hits you. x2; The demonic crawler barely misses you.
You slash the demonic crawler!
The demonic crawler is moderately wounded.
The demonic crawler barely misses you. You furiously retaliate!
You headbutt the demonic crawler!
The demonic crawler hits you but does no damage. x2
You closely miss the demonic crawler.
The demonic crawler is heavily wounded.
You barely miss the demonic crawler. x2; The demonic crawler hits you! x2
The demonic crawler closely misses you. The demonic crawler barely misses you.
You furiously retaliate!
You headbutt the demonic crawler! The demonic crawler hits you.
You block the demonic crawler's attack.
You slash the demonic crawler! You headbutt the demonic crawler.
The demonic crawler is heavily wounded.
You slash the demonic crawler! The demonic crawler barely misses you.
You furiously retaliate!
You headbutt the demonic crawler.
The demonic crawler hits you but does no damage.
The demonic crawler hits you.
* * * LOW HITPOINT WARNING * * *
The demonic crawler hits you!
* * * LOW HITPOINT WARNING * * *
The demonic crawler hits you!
* * * LOW HITPOINT WARNING * * *
The demonic crawler hits you!
You die...

##################
.#..'..#__#..'...#
.').#..'..'..#.)s##+#
'#####'#__####).@ss.#
.#...#.#### #####s.+
##..##)# ## _##'#_.+
..'..._# _##_.#+#
_###+# ##


You could see 4 demonic crawlers.

Vanquished Creatures
  2 kobold demonologists (D)
  A glass eye (D)
  A slime creature (D)
  Sigmund (D)
  A yak (D)
  An ogre (D)
  A jelly (D)
  Ijyb (D)
9 creatures vanquished.

Notes
Turn   | Place    | Note
-------+----------+-------------------------------------------
     0 | D        | Silvore the Minotaur Fighter began the quest for the Orb.
     0 | D        | Reached XP level 1. HP: 19/19 MP: 0/0
     2 | D        | Noticed Ijyb
    10 | D        | Killed Ijyb
    11 | D        | Reached skill level 5 in Fighting
    11 | D        | Reached skill level 5 in Armour
    11 | D        | Reached skill level 5 in Shields
    11 | D        | Reached XP level 2. HP: 11/29 MP: 1/1
    26 | D        | Noticed an ogre
    28 | D        | Killed an ogre
    29 | D        | Reached XP level 3. HP: 20/38 MP: 2/2
    29 | D        | Reached XP level 4. HP: 24/45 MP: 3/3
    38 | D        | Noticed Sigmund
    44 | D        | Killed Sigmund
    45 | D        | Reached skill level 5 in Axes
    45 | D        | Reached XP level 5. HP: 10/56 MP: 4/4
   214 | D        | Found an ornate altar of the Wu Jian Council.
   214 | D        | Found a shimmering blue altar of Sif Muna.
   216 | D        | Found a radiant altar of Vehumet.
   221 | D        | Reached skill level 1 in Dodging
   221 | D        | Reached XP level 6. HP: 63/63 MP: 5/5
   243 | D        | Found Cofisevo's General Store.
   243 | D        | Found an ancient bone altar of Kikubaaqudgha.
   243 | D        | Found a hazy altar of Hepliaklqana.
   243 | D        | Found a stormy altar of Qazlal.
   243 | D        | Found a hide-covered altar of Uskayaw.
   243 | D        | Found a blossoming altar of Fedhas.
   243 | D        | Found a bloodstained altar of Trog.
   243 | D        | Found an iron altar of Okawaru.
   243 | D        | Found a basalt altar of Yredelemnul.
   243 | D        | Found a glowing golden altar of the Shining One.
   243 | D        | Found a snail-covered altar of Cheibriados.
   243 | D        | Found a sacrificial altar of Ru.
   243 | D        | Found a glowing silver altar of Zin.
   243 | D        | Found a shadowy altar of Dithmenos.
   243 | D        | Found a white marble altar of Elyvilon.
   243 | D        | Noticed a yak
   256 | D        | Killed a yak
   257 | D        | Found an opulent altar of Gozag.
   258 | D        | Found a sparkling altar of Nemelex Xobeh.
   263 | D        | Became a worshipper of Warmaster Okawaru
   276 | D        | Found a burning altar of Makhleb.
   276 | D        | Found a viscous altar of Jiyva.
   276 | D        | Found a shimmering altar of Xom.
   276 | D        | Found a corrupted altar of Lugonu.
   276 | D        | Noticed a slime creature
   283 | D        | Killed a slime creature
   284 | D        | Reached skill level 10 in Fighting
   284 | D        | Reached skill level 10 in Armour
   284 | D        | Reached skill level 10 in Shields
   284 | D        | Reached XP level 7. HP: 22/73 MP: 6/6
   454 | D        | Noticed a kobold demonologist
   455 | D        | Noticed a glass eye
   455 | D        | Noticed a kobold demonologist
   465 | D        | Killed a kobold demonologist
   465 | D        | Reached * piety under Okawaru
   466 | D        | Noticed a ynoxinul
   470 | D        | Killed a kobold demonologist
   470 | D        | Reached ** piety under Okawaru
   471 | D        | Reached skill level 10 in Axes
   471 | D        | Reached XP level 8. HP: 25/82 MP: 4/7
   472 | D        | Killed a glass eye
   644 | D        | Noticed a demonic crawler
   644 | D        | Noticed a demonic crawler
   644 | D        | Noticed a demonic crawler
   644 | D        | Noticed a demonic crawler
   650 | D        | HP: 1/82 [demonic crawler (8)]
   650 | D        | Mangled by a demonic crawler

Illustrated notes

Levels and vault maps discovered:
D:        dungeon_sprint_1 [red_sonja_temple_1, red_sonja_temple_small_1]

Skill      XL: |  1  2  3  4  5  6  7  8 |
---------------+-------------------------+-----
Fighting       | 5 6 8 9 10 11 | 11.5
Axes           | 3 5 7 10 11 | 11.5
Armour         | 5 6 8 10 11 | 11.2
Shields        | 5 6 8 9 10 | 10.6
Unarmed Combat | 2 |  2.9
Dodging        | 1 2 3 |  3.6
Invocations    | |  0.2

Action                     |  1- 3 |  4- 6 |  7- 9 || total
---------------------------+-------+-------+-------++-------
  Melee: Unarmed           |     7 |       |       ||     7
         War axe           |     1 |    26 |    21 ||    48
         Headbutt          |     1 |     2 |     6 ||     9
 Invoke: Heroism           |       |       |     1 ||     1
    Use: Potion            |     1 |     1 |       ||     2
 Armour: Skin              |     4 |       |       ||     4
         Scale mail        |       |    19 |    36 ||    55
  Dodge: Dodged            |     1 |    10 |    18 ||    29
  Block: Buckler           |       |     2 |    13 ||    15
